 Dungeon Crawl Stone Soup version 0.31-a0-95-g6fa058ef04 (webtiles) character file.

Game seed: 11717049143492056054

98 Flugkiller the Vexing (level 4, -2/39 HPs)
             Began as a Naga Hexslinger on May 25, 2023.
             Slain by an ufetubus (4 damage)
             ... on level 2 of the Dungeon.
             The game lasted 00:01:57 (1025 turns).

Flugkiller the Vexing (Naga Hexslinger)             Turns: 1025, Time: 00:01:58

Health: -2/39      AC:  3    Str:  7 (10) XL:     4   Next: 71%
Magic:  4/7        EV: 10    Int: 13 (14) God:
Gold:   72         SH:  0    Dex: 13 (15) Spells: 6/7 levels left

rFire   . . .        a - +1 sling
rCold   . . .        (no shield)
rNeg    . . .        c - +0 robe
rPois   +            (no helmet)
rElec   .            g - +0 cloak
rCorr   .            (no gloves)
SInv    +            (no barding)
Will    .....        (no amulet)
Stlth   ++           (no ring)
HPRegen 0.26/turn    (no ring)
MPRegen 0.10/turn

%: no passive effects
@: brilliant, very slow
A: AC +1, large, see invisible, deformed body, poison resistance, slowness 2,
spit poison 1, naga tail 1, screaming 1
a: Spit Poison


You were on level 2 of the Dungeon.
You visited 1 branch of the dungeon, and saw 2 of its levels.

You collected 72 gold pieces.

Inventory:

Hand Weapons
 a - a +1 sling (weapon)
Armour
 c - a +0 robe (worn)
 g - a +0 cloak (worn)
   (You found it on level 1 of the Dungeon)
Jewellery
 d - an amulet of the acrobat
   (You found it on level 1 of the Dungeon)
 h - a ring of ice
   (You found it on level 1 of the Dungeon)
Scrolls
 b - a scroll of poison
 i - a scroll of acquirement
 k - a scroll of immolation {unknown}
 l - 2 scrolls of enchant weapon {unknown}
 n - a scroll of teleportation {unknown}
 o - a scroll of fear {unknown}
 r - 3 scrolls of identify
Potions
 e - a potion of brilliance
 j - a potion of degeneration
 m - a potion of mutation


   Skills:
 - Level 2.0 Fighting
 - Level 2.0 Ranged Weapons
 - Level 1.5 Dodging
 - Level 2.0 Stealth
 - Level 2.0 Spellcasting
 + Level 4.1 Hexes


You had 6 spell levels left.
You knew the following spells:

 Your Spells              Type           Power      Damage    Failure   Level
a - Slow                  Hex            72%        N/A       4%          1

Your spell library contained the following spells:

 Spells                   Type           Power      Damage    Failure   Level
 Inner Flame              Hex/Fire       9%         N/A       36%         3
 Portal Projectile        Hex/Tloc       18%        N/A       36%         3
 Cause Fear               Hex            9%         N/A       43%         4


Dungeon Overview and Level Annotations

Branches:
Dungeon (2/15) Zot: 10599

Altars:


Innate Abilities, Weirdness & Mutations

Your serpentine skin is tough. (AC +1)
You have supernaturally acute eyesight. (SInv)
Armour fits poorly on your strangely shaped body.
Your system is resistant to poisons. (rPois)
You cover ground very slowly.
You can spit poison.
You have a snake-like lower body.
You occasionally shout uncontrollably at your foes.


Message History

You shoot a sling bullet.
The sling bullet closely misses the ufetubus.
You shoot a sling bullet. The sling bullet misses the ufetubus.
The ufetubus hits you. x2; The kobold closely misses you.
You shoot a sling bullet.
The sling bullet closely misses the ufetubus.
The ufetubus hits you. The ufetubus barely misses you.
The kobold hits you but does no damage.
You shoot a sling bullet.
The sling bullet closely misses the ufetubus.
The ufetubus barely misses you. The ufetubus hits you.
The kobold barely misses you.
The ufetubus hits you but does no damage. x2
You shoot a sling bullet.
The sling bullet barely misses the ufetubus.
The kobold closely misses you. The ufetubus hits you.
The ufetubus barely misses you.
A frilled lizard comes into view.
The kobold barely misses you.
You shoot a sling bullet. The frilled lizard hisses angrily.
The sling bullet hits the ufetubus.
The ufetubus is severely wounded.
The ufetubus hits you.
The ufetubus hits you but does no damage.
The kobold barely misses you.
You shoot a sling bullet.
The sling bullet closely misses the ufetubus.
The ufetubus hits you. x2; The kobold barely misses you.
You shoot a sling bullet.
The sling bullet closely misses the ufetubus.
The ufetubus hits you but does no damage. x2
The kobold hits you with a +0 short sword.
The frilled lizard barely misses you. The ufetubus closely misses you.
The ufetubus barely misses you.
You shoot a sling bullet.
The sling bullet closely misses the ufetubus.
The frilled lizard closely misses you. The kobold barely misses you.
The ufetubus hits you. The ufetubus barely misses you.
The kobold closely misses you.
The frilled lizard bites you but does no damage.
You are too injured to fight recklessly!
Aiming: Slow (safe; 4% risk of failure)
Press: ? - help, Q - select action, (/) - cycle Shift-Dir - straight line, f/p - ufetubus
Aim: an ufetubus (severely wounded, slow, chance to affect: 55%)
The ufetubus resists with significant effort.
The ufetubus closely misses you. The ufetubus hits you.
The kobold closely misses you. The frilled lizard bites you.
Aiming: Slow (safe; 4% risk of failure)
Press: ? - help, Q - select action, (/) - cycle Shift-Dir - straight line, f/p - ufetubus
Aim: an ufetubus (severely wounded, slow, chance to affect: 55%)
The ufetubus resists with significant effort.
The ufetubus is no longer moving slowly.
The ufetubus hits you.
The ufetubus hits you but does no damage.
The kobold hits you with a +0 short sword.
The frilled lizard closely misses you.
Aiming: Slow (safe; 4% risk of failure)
Press: ? - help, Q - select action, (/) - cycle Shift-Dir - straight line, f/p - ufetubus
Aim: an ufetubus (severely wounded, chance to affect: 55%)
The ufetubus resists with significant effort.
The ufetubus misses you.
The ufetubus hits you but does no damage.
The kobold hits you with a +0 short sword.
The frilled lizard closely misses you. The ufetubus misses you.
The ufetubus hits you.
* * * LOW HITPOINT WARNING * * *
Unknown command.
Okay, then.
It was a potion of degeneration.
There was something very wrong with that liquid.
You feel weakened.
You feel dopey.
You feel clumsy. The ufetubus barely misses you. The ufetubus misses you.
The frilled lizard barely misses you.
The kobold hits you with a +0 short sword.
* * * LOW HITPOINT WARNING * * *
Unknown command.
It was a potion of brilliance.
You feel clever all of a sudden. The ufetubus hits you.
* * * LOW HITPOINT WARNING * * *
The ufetubus barely misses you. The kobold hits you but does no damage.
The frilled lizard closely misses you. The ufetubus completely misses you.
The ufetubus closely misses you.
It was a potion of mutation.
You feel extremely strange.
You feel the urge to shout.
A venomous barb forms on the end of your tail.
The barb on your tail disappears. The ufetubus hits you.
* * * LOW HITPOINT WARNING * * *
The ufetubus barely misses you. The kobold hits you but does no damage.
The frilled lizard bites you.
* * * LOW HITPOINT WARNING * * *
Unknown command.
Unknown command.
As you read the scroll labelled PAOTARU PACECWIMN, it crumbles to dust.
It is a scroll of identify.
i - a scroll of acquirement;
r - 3 scrolls of identify The ufetubus hits you.
You die...

#.'......# #....# #
###......# #....# #
###....### #..(.# #
#......###....# #
######..##....# #
##.##....# ##### #.†.)...#
##. #....
#####.......####........###
#........l@5.....# g..
#.####..###K.....##.
#####'#####..##.........
#............#######.###
#.........#..## ..
#......<....... .
............#####
......####### ...†..


You could see an ufetubus, a kobold and a frilled lizard.

Vanquished Creatures
  3 gnolls (D:2)
  3 adders (D:2)
  6 ball pythons
  7 endoplasms
  4 giant cockroaches
  3 hobgoblins
  2 kobolds (D:1)
  2 quokkas
  2 bats
  4 frilled lizards
  6 goblins
42 creatures vanquished.

Notes
Turn   | Place    | Note
-------+----------+-------------------------------------------
     0 | D:1      | Flugkiller the Naga Hexslinger began the quest for the Orb.
     0 | D:1      | Reached XP level 1. HP: 18/18 MP: 2/2
    47 | D:1      | Reached skill level 1 in Stealth
   183 | D:1      | Reached XP level 2. HP: 25/25 MP: 3/3
   422 | D:1      | Reached XP level 3. HP: 32/32 MP: 4/4
   736 | D:2      | Reached XP level 4. HP: 39/39 MP: 6/6
   993 | D:2      | Reached skill level 4 in Hexes
  1024 | D:2      | Gained mutation: You occasionally shout uncontrollably at
                  | your foes. [potion of mutation]
  1024 | D:2      | Gained mutation: Your tail ends in a venomous barb. [potion
                  | of mutation]
  1024 | D:2      | Lost mutation: Your tail ends in a venomous barb. [potion
                  | of mutation]
  1025 | D:2      | Identified a scroll of acquirement
  1025 | D:2      | Slain by an ufetubus

Illustrated notes

Levels and vault maps discovered:
D:1:      nzn_arrival_crosshair, layout_basic, reono_crystal_passage,
          chequers_serial_rivers_marsh
D:2:      layout_basic

Skill      XL: |  1  2  3  4 |
---------------+-------------+-----
Stealth        | 1 2 |  2.0
Fighting       | 2 |  2.0
Ranged Weapons | 2 |  2.0
Spellcasting   | 2 |  2.0
Hexes          | 4 |  4.1
Dodging        | |  1.5

Action                     |  1- 3 |  4- 6 || total
---------------------------+-------+-------++-------
   Fire: Sling             |   106 |    48 ||   154
   Cast: Slow              |     4 |     8 ||    12
    Use: Potion            |       |     3 ||     3
         Scroll            |       |     1 ||     1
 Armour: Robe              |    15 |    14 ||    29
  Dodge: Dodged            |    22 |    40 ||    62

Table legend: (Time is in decaauts)
 A = Elapsed time spent in this place.
 B = Non-inter-level travel time spent in this place.
 C = Inter-level travel time spent in this place.
 D = Time resting spent in this place.
 E = Time spent auto-exploring this place.
 F = Levels seen in this place.
 G = Mean time per level.
                   A        B        C        D        E       F      G
               +--------+--------+--------+--------+--------+-----+--------+
         Total |   1400 |   1343 |     57 |      0 |   1023 |   2 |  700.0 |
       Dungeon |   1400 |   1343 |     57 |      0 |   1023 |   2 |  700.0 |
               +--------+--------+--------+--------+--------+-----+--------+

Top non-repeatable levels by time:
     D:1: 904 daAuts
     D:2: 496 daAuts
